Workbook

Sheet E(Cov)
A1: BANGLADESH RAILWAY
A2: Particulars of the projects & their expenditure upto July-2026 are summarised below:
A3: 2026-2027 | G3: 2025-2026
A4: No. of Projects included in ADP : | D4: 30 | G4: No. of Projects included in ADP : | J4: 27
A5: Investment Projects : | D5: 22 | G5: Investment Projects : | J5: 23
A6: Technical Assistance (TA) Projects : | D6: 8 | G6: Technical Assistance (TA) Projects : | J6: 4
B7: ADP Allocation | C7: Expenditure in July-2026 | D7: Expenditure upto July-2026 | E7: % of ADP utilisation till in July-2026 | H7: ADP Allocation | I7: Expenditure in July-2025 | J7: Expenditure upto July-2025 | K7: % of ADP utilisation till in July-2025
B8: (Figures in Lakh Taka) | H8: (Figures in Lakh Taka)
B10: (A) INVESTMENT PROJECTS : | H10: (A) INVESTMENT PROJECTS :
A12: TOTAL | B12: 505130.5 | C12: 125.23 | D12: 125.23 | E12: 0.00024791613 | G12: TOTAL | H12: 735811 | I12: 1019.1 | J12: 1019.1 | K12: 0.0013850024
A13: P.A. | B13: 344753.5 | C13: 0 | D13: 0 | E13: 0 | G13: P.A. | H13: 339535 | I13: 428.76 | J13: 428.76 | K13: 0.0012627859
A14: GOB | B14: 160377 | C14: 125.23 | D14: 125.23 | E14: 0.00078084763 | G14: GOB | H14: 396276 | I14: 590.34 | J14: 590.34 | K14: 0.0014897193
A15: (RPA) | B15: 77408 | C15: 0 | D15: 0 | E15: 0 | G15: (RPA) | H15: 41579 | I15: 0 | J15: 0
A16: CD VAT | B16: 0 | C16: 0 | D16: 0 | G16: CD VAT | H16: 0 | I16: 0 | J16: 0
A17: Others | B17: 4980.5 | C17: 0 | D17: 0 | E17: 0 | G17: Others | H17: 7246 | I17: 0 | J17: 0 | L17: 2278.29
J18: 0
B19: (B) TA PROJECTS : | H19: (B) TA PROJECTS :
L20: 8.347
A21: TOTAL | B21: 30212.5 | C21: 551.82 | D21: 551.82 | E21: 0.018264626 | G21: TOTAL | H21: 17711 | I21: 4.8 | J21: 4.8 | K21: 0.00027101801
A22: P.A. | B22: 26894.5 | C22: 551.58 | D22: 551.58 | E22: 0.020509026 | G22: P.A. | H22: 13187 | I22: 2 | J22: 2 | K22: 0.00015166452
A23: GOB | B23: 3318 | C23: 0.24 | D23: 0.24 | E23: 7.2332731e-05 | G23: GOB | H23: 4524 | I23: 2.8 | J23: 2.8 | K23: 0.00061892131
A24: (RPA) | B24: 5653 | C24: 0 | D24: 0 | G24: (RPA) | H24: 0 | I24: 0 | J24: 0
A25: CD VAT | B25: 0 | C25: 0 | D25: 0 | G25: CD VAT | H25: 0 | I25: 0 | J25: 0
A26: Others | B26: 0 | C26: 0 | D26: 0 | G26: Others | H26: 0 | I26: 0 | J26: 0
H27: 0
A28: G. TOTAL | B28: 535343 | C28: 677.05 | D28: 677.05 | E28: 0.0012647032 | G28: G. TOTAL | H28: 753522 | I28: 1023.9 | J28: 1023.9 | K28: 0.001358819
A29: P.A. | B29: 371648 | C29: 551.58 | D29: 551.58 | E29: 0.0014841463 | G29: P.A. | H29: 352722 | I29: 430.76 | J29: 430.76 | K29: 0.0012212451
A30: GOB | B30: 163695 | C30: 125.47 | D30: 125.47 | E30: 0.00076648645 | G30: GOB | H30: 400800 | I30: 593.14 | J30: 593.14 | K30: 0.0014798902
A31: (RPA) | B31: 83061 | C31: 0 | D31: 0 | E31: 0 | G31: (RPA) | H31: 41579 | I31: 0 | J31: 0 | K31: 0
J36: 0
J42: 0
J48: 0
J54: 0
J60: 0
J66: 0
J72: 0
J78: 0
J84: 0
J90: 0
J96: 0
J102: 0
... J175: 0
D181: #REF! | J181: 0
J187: 0
J200: 0
J206: 0
J212: 0
J218: 0
D240: 0.02 | M240: 3.26
M241: 3.26
M243: 0 | O243: 3.26
D270: 0.05 | M270: 121.745
M272: সিদ্ধান্ত: বাস্তবায়ন:
M274: 121.745

Sheet English
A1: Progress report of ongoing projects of Bangladesh Railway for the month of July-2026
A2: Serial No. | B2: Name of the Projects with Project Details (Project CODE, Implementation Period & Name of the PD with Designation & Mobile No.) | C2: Estimated Cost | D2: Physical Progress (2026-2027) | H2: ADP Allocation (2026-2027) | J2: Fund Release (2026-2027) | L2: Financial progress (% of Total ADP)
L3: July-2026 | O3: Current Year (2026-2027) | R3: Cumulative since beginning
C4: Total | D4: Target (2026-2027) | E4: July-2026 | F4: Current Year | G4: Cumulative Since Beginning | H4: Total | I4: CD VAT | J4: Total | K4: CD VAT | L4: Total | M4: % | N4: CD VAT | O4: Total | P4: % | Q4: CD VAT | R4: Total | S4: % | T4: CD VAT
C5: P.A. | H5: P.A. | I5: Others | J5: P.A. | K5: Others | L5: P.A. | M5: % | N5: Others | O5: P.A. | P5: % | Q5: Others | R5: P.A. | T5: Others
C6: GoB | D6: (% ) | H6: GoB | I6: Capital | J6: GoB | K6: Capital | L6: GoB | M6: % | N6: Capital | O6: GoB | P6: % | Q6: Capital | R6: GoB | T6: Capital
C7: (DRGA_CF) | H7: (GoB Rev) | I7: Revenue | J7: (GoB Rev) | K7: Revenue | L7: (GoB Rev) | N7: Revenue | O7: (GoB Rev) | Q7: Revenue | R7: (GoB Rev) | T7: Revenue
C8: (RPA) | H8: (RPA) | J8: (RPA) | L8: (RPA) | O8: (RPA) | R8: (RPA)
C9: (Figures in Lakh Taka)
B10: (A) INVESTMENT PROJECTS :
A11: 1 | B11: 224090800: Rehabilitation of Kulaura-Shahbazpur Section of Bangladesh Railway (2nd Revised).(LoC) (01.07.2011 to 31.12.2027), Project Director, MD. Sultan Ali, Mobile: 01711692929 | C11: 75739.73 | D11: 0.1 | E11: 0.015 | F11: 0.015 | G11: 0.7 | H11: 11504.5 | I11: 0 | J11: 200 | L11: 93.98 | M11: 0.0081689774 | O11: 93.98 | P11: 0.0081689774 | Q11: 0 | R11: 49048.6 | S11: 0.64759407 | T11: 0
C12: 55598.76 | H12: 10704.5 | I12: 0 | J12: 0 | K12: 0 | M12: 0 | O12: 0 | P12: 0 | Q12: 0 | R12: 37163.73 | T12: 0
C13: 20140.97 | H13: 800 | I13: 11204.5 | J13: 200 | K13: 160.42 | L13: 93.98 | M13: 0.117475 | N13: 54.4 | O13: 93.98 | P13: 0.117475 | Q13: 54.4 | R13: 11884.87 | T13: 47178.46
H14: 300 | I14: 300 | J14: 39.58 | K14: 39.58 | L14: 39.58 | N14: 39.58 | O14: 39.58 | Q14: 39.58 | R14: 737.027 | T14: 1870.14
C15: 0 | H15: 0 | J15: 0 | O15: 0 | R15: 0
A17: 2 | B17: 224089200: Construction of 3rd & 4th Dual Gauge Line in Dhaka-Tongi and Dual Gauge Double Line in Dhaka-Joydevpur Section of Bangladesh Railway (2nd Revised).(LoC) (01.07.2012 to 30.06.2027), Project Director, Nazneen Ara Keya, Mobile: 01711506113 | C17: 334254.9 | D17: 0.12 | E17: 0.0039 | F17: 0.0039 | G17: 0.5356 | H17: 47735 | I17: 0 | J17: 683.75 | L17: 2.5 | M17: 5.2372473e-05 | O17: 2.5 | P17: 5.2372473e-05 | Q17: 0 | R17: 134753.88 | S17: 0.40314706 | T17: 0
C18: 282116.08 | H18: 45000 | I18: 0 | J18: 0 | K18: 0 | M18: 0 | N18: 0 | O18: 0 | P18: 0 | Q18: 0 | R18: 109732.1 | T18: 0
C19: 52138.82 | H19: 2735 | I19: 47235 | J19: 683.75 | K19: 681.25 | L19: 2.5 | M19: 0.00091407678 | N19: 0 | O19: 2.5 | P19: 0.00091407678 | Q19: 0 | R19: 25021.78 | T19: 129262.81
H20: 500 | I20: 500 | J20: 2.5 | K20: 2.5 | L20: 2.5 | N20: 2.5 | O20: 2.5 | Q20: 2.5 | R20: 2050.48 | T20: 5491.07
C21: 0 | H21: 0 | J21: 0 | O21: 0 | R21: 0
A23: 3 | B23: 224089700: Construction of a Dual Gauge Line Parallel to The Existing Meter Gauge Line in Dhaka-Narayanganj Section (1st Revised).(DRGA) (01.07.2014 to 30.06.2026), Project Director, Md. Selim Rouf, Mobile: 01325087301 | C23: 65834.6 | D23: 0.1 | E23: 0.02 | F23: 0.02 | G23: 0.64 | H23: 1651 | I23: 0 | J23: 1651 | M23: 0 | O23: 0 | P23: 0 | Q23: 0 | R23: 26449.46 | S23: 0.40175622 | T23: 0
C24: 0 | H24: 0 | I24: 500 | J24: 0 | K24: 0 | L24: 0 | O24: 0 | Q24: 0 | R24: 0 | T24: 0
C25: 65834.6 | H25: 1651 | I25: 1400 | J25: 1651 | K25: 1651 | L25: 0 | M25: 0 | N25: 0 | O25: 0 | P25: 0 | Q25: 0 | R25: 26449.46 | T25: 23741.581
C26: 24954.51 | H26: 251 | I26: 251 | J26: 0 | K26: 0 | N26: 0 | O26: 0 | Q26: 0 | R26: 2707.879 | T26: 2707.879
H27: 0 | J27: 0 | N27: 0 | O27: 0 | R27: 0
A29: 4 | B29: 224088300: Rehabilitation, Construction and Upgradation of Important Level Crossing Gates of East Zone of Bangladesh Railway (5th revised).(GoB) (01.07.2015 to 30.06.2027), Project Director, Sheikh Naimul Haque, Mobile: 01711691177 | C29: 17363.13 | D29: 0.09 | F29: 0 | G29: 1 | H29: 1425 | I29: 0 | J29: 356.25 | M29: 0 | O29: 0 | P29: 0 | Q29: 0 | R29: 15490.695 | S29: 0.89216028 | T29: 0
C30: 0 | H30: 0 | I30: 0 | J30: 0 | K30: 0 | N30: 0 | O30: 0 | Q30: 0 | R30: 0 | T30: 0
C31: 17363.13 | H31: 1425 | I31: 0 | J31: 356.25 | K31: 356.25 | L31: 0 | M31: 0 | N31: 0 | O31: 0 | P31: 0 | Q31: 0 | R31: 15490.695 | T31: 3653.95
H32: 1425 | I32: 1425 | J32: 0 | K32: 0 | L32: 0 | N32: 0 | O32: 0 | Q32: 0 | R32: 11836.745 | T32: 11836.745
H33: 0 | J33: 0 | O33: 0 | R33: 0
A35: 5 | B35: 224088400: Rehabilitation, Construction and Upgradation of important Level Crossing Gates of West Zone of Bangladesh Railway (4th revised). (GoB) (01.07.2015 to 30.06.2027), XEN (P&D),Rajshahi, Birbal Mondal, Mobile: 1711692870 | C35: 15990.62 | D35: 0 | E35: 0.0005 | F35: 0.0005 | G35: 0.9864 | H35: 1449 | I35: 0 | J35: 0 | M35: 0 | O35: 0 | P35: 0 | Q35: 0 | R35: 14103.14 | S35: 0.8819633 | T35: 0
C36: 0 | H36: 0 | I36: 0 | J36: 0 | K36: 0 | L36: 0 | O36: 0 | Q36: 0 | R36: 0 | T36: 0
C37: 15990.62 | H37: 1449 | I37: 0 | K37: 0 | L37: 0 | M37: 0 | N37: 0 | O37: 0 | P37: 0 | Q37: 0 | R37: 14103.14 | T37: 3310.07
H38: 1449 | I38: 1449 | J38: 0 | K38: 0 | L38: 0 | N38: 0 | O38: 0 | Q38: 0 | R38: 10793.07 | T38: 10793.07
H39: 0 | J39: 0 | O39: 0 | R39: 0
A41: 6 | B41: 224090000: Padma Bridge Rail Link Project (2nd Revised).(China) (01.01.2016 to 30.06.2027), PD (PBRLP), Nazneen Ara Keya, Mobile: 01770799899 | C41: 3862490.8 | D41: 0.02125 | F41: 0 | G41: 0.97865 | H41: 10000 | I41: 0 | J41: 1105.4 | L41: 7.4 | M41: 0.00074 | O41: 7.4 | P41: 0.00074 | Q41: 0 | R41: 3526172.3 | S41: 0.91292704 | T41: 0
C42: 2095610.4 | H42: 0 | I42: 0 | J42: 0 | O42: 0 | Q42: 0 | R42: 1892871.4 | T42: 448653.42
C43: 1766880.4 | H43: 10000 | I43: 5080 | J43: 1105.4 | K43: 1098 | L43: 7.4 | M43: 0.00074 | N43: 0 | O43: 7.4 | P43: 0.00074 | Q43: 0 | R43: 1633301 | T43: 3384770
H44: 4920 | I44: 4920 | J44: 7.4 | K44: 7.4 | L44: 7.4 | N44: 7.4 | O44: 7.4 | Q44: 7.4 | R44: 141402.28 | T44: 141402.28
J45: 0 | O45: 0 | R45: 0
A47: 7 | B47: 224088200: Jamuna Rail Bridge Project (2nd Revised).(JICA) (01.07.2016 to 30.06.2027), Project Director, Al Fattah Md. Masudur Rahman, Mobile: 01711506105 | C47: 1659080.3 | D47: 0.0063 | F47: 0 | G47: 0.9937 | H47: 35610 | I47: 0 | J47: 3000 | L47: 0.8 | M47: 2.24656e-05 | O47: 0.8 | P47: 2.24656e-05 | Q47: 0 | R47: 1434543.2 | S47: 0.86466172 | T47: 0
C48: 1197205 | H48: 23610 | I48: 0 | J48: 0 | K48: 0 | M48: 0 | O48: 0 | P48: 0 | Q48: 0 | R48: 1137616.6 | T48: 0
C49: 461875.3 | H49: 12000 | I49: 30800 | J49: 3000 | K49: 2999.2 | L49: 0.8 | M49: 6.6666667e-05 | N49: 0 | O49: 0.8 | P49: 6.6666667e-05 | Q49: 0 | R49: 296926.63 | T49: 1359014.1
H50: 1200 | I50: 4810 | J50: 0.8 | K50: 0.8 | L50: 0.8 | N50: 0.8 | O50: 0.8 | Q50: 0.8 | R50: 20275.1 | T50: 75529.14
H51: 0 | J51: 0 | O51: 0 | R51: 0
A53: 8 | B53: 224269100: Construction of Broad Gauge Rail Line From Madhukhali to Magura Via Kamarkhali (1st Revised).(GoB) (01.05.2018 to 31.12.2027), Project Director , Md. Ahsan Jabir, Mobile: 01711691573 | C53: 126207.37 | D53: 0.15 | E53: 0.004 | F53: 0.004 | G53: 0.6164 | H53: 10000 | I53: 0 | J53: 2500 | M53: 0 | O53: 0 | P53: 0 | Q53: 0 | R53: 70996.06 | S53: 0.56253498 | T53: 0
C54: 0 | H54: 0 | I54: 0 | J54: 0 | K54: 0 | O54: 0 | Q54: 0 | R54: 0 | T54: 0
C55: 126207.37 | H55: 10000 | I55: 9734 | J55: 2500 | K55: 2500 | L55: 0 | M55: 0 | N55: 0 | O55: 0 | P55: 0 | Q55: 0 | R55: 70996.06 | T55: 68365.36
H56: 266 | I56: 266 | J56: 0 | K56: 0 | N56: 0 | O56: 0 | Q56: 0 | R56: 2630.7 | T56: 2630.7
H57: 0 | J57: 0 | O57: 0 | R57: 0
A59: 9 | B59: 224269200: CONSTRUCTIONS OF DOUBLE LINE TRACK BETWEEN KHULNA-DARSANA JUNCTION SECTION OF BANGLADESH RAILWAY.(LoC) (01.01.2018 to 31.12.2025), Project Director (Additional Charge), Md. Monirul Islam Firozi, Mobile: 01711564575 | C59: 350675.48 | D59: 0.02 | F59: 0 | G59: 0.052032 | H59: 1 | I59: 0 | J59: 0 | M59: 0 | O59: 0 | P59: 0 | Q59: 0 | R59: 2252.11 | S59: 0.0064222055 | T59: 0
C60: 268992.79 | H60: 0 | I60: 0 | J60: 0 | K60: 0 | O60: 0 | Q60: 0 | R60: 1603.73 | T60: 0
C61: 81682.69 | H61: 1 | I61: 0 | K61: 0 | L61: 0 | M61: 0 | O61: 0 | P61: 0 | Q61: 0 | R61: 648.38 | T61: 17.17
H62: 1 | I62: 1 | J62: 0 | K62: 0 | L62: 0 | N62: 0 | O62: 0 | Q62: 0 | R62: 631.2 | T62: 2234.94
H63: 0 | J63: 0 | O63: 0 | R63: 0
A65: 10 | B65: 224269900: Construction of Dual Gauge Railway Line from Bogra to Shahid M. Mansur Ali Station, Sirajganj of Bangladesh Railway.(LoC) (01.07.2018 to 30.06.2026), Project Director , Md. Abu Zafor Miah, Mobile: 01711692942 | C65: 557970.15 | D65: 0.08 | F65: 0 | G65: 0.2772 | H65: 167 | I65: 0 | J65: 167 | M65: 0 | O65: 0 | P65: 0 | Q65: 0 | R65: 227465.8 | S65: 0.40766662 | T65: 0
C66: 314659.81 | H66: 0 | I66: 0 | J66: 0 | K66: 0 | O66: 0 | Q66: 0 | R66: 2045.736 | T66: 0
C67: 243310.34 | H67: 167 | I67: 42 | J67: 167 | K67: 167 | L67: 0 | M67: 0 | N67: 0 | O67: 0 | P67: 0 | Q67: 0 | R67: 225420.07 | T67: 224416.65
H68: 125 | I68: 125 | J68: 0 | K68: 0 | L68: 0 | O68: 0 | Q68: 0 | R68: 1003.415 | T68: 3049.155
H69: 0 | J69: 0 | O69: 0 | R69: 0
A71: 11 | B71: 224271800: Construction of Dual Gauge Double line between Joydebpur-Ishurdi section of Bangladesh Railway.(JICA) (01.01.2019 to 31.12.2027), Project Director, Md. Monirul Islam Firozi, Mobile: 01711564575 | C71: 1425061.4 | D71: 0.007 | E71: 0.0005 | F71: 0.0005 | G71: 0.0805 | H71: 5677 | I71: 0 | J71: 1419.25 | L71: 4.14 | M71: 0.00072925841 | O71: 4.14 | P71: 0.00072925841 | Q71: 0 | R71: 40209.66 | S71: 0.02821609 | T71: 0
C72: 875675.79 | H72: 0 | I72: 0 | J72: 0 | K72: 0 | L72: 0 | O72: 0 | Q72: 0 | R72: 0 | T72: 0
C73: 549385.6 | H73: 5677 | I73: 5459 | J73: 1419.25 | K73: 1415.11 | L73: 4.14 | M73: 0.00072925841 | N73: 0 | O73: 4.14 | P73: 0.00072925841 | Q73: 0 | R73: 40209.66 | T73: 39719.03
H74: 218 | I74: 218 | J74: 4.14 | K74: 4.14 | L74: 4.14 | N74: 4.14 | O74: 4.14 | Q74: 4.14 | R74: 490.63 | T74: 490.63
H75: 0 | J75: 0 | O75: 0 | R75: 0
A77: 12 | B77: 224308700: CONVERSION OF METER GAUGE RAIL LINE INTO DUAL GAUGE IN AKHAURA-SYLHET SECTION OF BANGLADESH RAILWAY.(China) (01.04.2019 to 30.06.2025), Project Director, , Mobile: | C77: 1610444.8 | D77: 0 | F77: 0 | G77: 0 | H77: 1 | I77: 0 | J77: 0 | M77: 0 | O77: 0 | P77: 0 | Q77: 0 | R77: 0 | S77: 0 | T77: 0
C78: 1065436.4 | H78: 0 | I78: 0 | J78: 0 | K78: 0 | L78: 0 | O78: 0 | Q78: 0 | R78: 0 | T78: 0
C79: 545008.35 | H79: 1 | I79: 0 | K79: 0 | L79: 0 | M79: 0 | N79: 0 | O79: 0 | P79: 0 | Q79: 0 | R79: 0 | T79: 0
H80: 1 | I80: 1 | J80: 0 | L80: 0 | N80: 0 | O80: 0 | Q80: 0 | R80: 0 | T80: 0
H81: 0 | J81: 0 | O81: 0 | R81: 0
A83: 13 | B83: 224363600: Procurement of 200 Broad Gauge (BG) Passenger Carriages for Bangladesh Railways.(EIB) (01.07.2022 to 30.06.2027), Project Director, Md. Zaidul Islam, Mobile: 01711692893 | C83: 170433.68 | D83: 0.6 | E83: 0 | F83: 0 | G83: 0.2 | H83: 100479 | I83: 0 | J83: 5767.75 | L83: 3.78 | M83: 3.7619801e-05 | O83: 3.78 | P83: 3.7619801e-05 | Q83: 0 | R83: 41022.91 | S83: 0.2406972 | T83: 6000
C84: 133119.75 | H84: 77408 | I84: 360 | J84: 0 | K84: 0 | M84: 0 | O84: 0 | P84: 0 | Q84: 0 | R84: 33532.33 | T84: 0
C85: 37313.93 | H85: 23071 | I85: 99681 | J85: 5767.75 | K85: 5763.97 | L85: 3.78 | M85: 0.00016384205 | N85: 0 | O85: 3.78 | P85: 0.00016384205 | Q85: 0 | R85: 7490.58 | T85: 39457.33
H86: 632 | I86: 798 | J86: 3.78 | K86: 3.78 | L86: 3.78 | N86: 3.78 | O86: 3.78 | Q86: 3.78 | R86: 1485.26 | T86: 1565.58
C87: 133119.75 | H87: 77408 | J87: 0 | L87: 0 | O87: 0 | R87: 33532.33
A89: 14 | B89: 224374100: 50 Nos. BG & 50 Nos. MG Passenger Carriages Rehabilitation Project For Bangladesh Railway Western Zone.(GoB) (01.07.2022 to 30.06.2027), Project Director, Shah Shufi Nur Mohammed, Mobile: 01711506134 | C89: 13846.91 | D89: 0.1083 | F89: 0 | G89: 0.315 | H89: 1500 | I89: 0 | J89: 0 | M89: 0 | O89: 0 | P89: 0 | Q89: 0 | R89: 3943.723 | S89: 0.28480889 | T89: 0
C90: 0 | H90: 0 | I90: 0.5 | J90: 0 | K90: 0 | O90: 0 | Q90: 0 | R90: 0 | T90: 0
C91: 13846.91 | H91: 1500 | I91: 1258 | K91: 0 | L91: 0 | M91: 0 | N91: 0 | O91: 0 | P91: 0 | Q91: 0 | R91: 3943.723 | T91: 3703.725
H92: 242 | I92: 242 | J92: 0 | K92: 0 | O92: 0 | Q92: 0 | R92: 240.001 | T92: 239.998
H93: 0 | J93: 0 | O93: 0 | R93: 0
A95: 15 | B95: 224374200: Rehabilitation of Sylhet to Chhatak Bazar Section (Meter Gauge Track) of Bangladesh Railway, heavily damaged by Flood 2022.(ADB) (01.04.2023 to 30.06.2027), Project Director, Mohammad Mohiuddin Arif, Mobile: 01711691057 | C95: 24159.5 | D95: 0.5 | E95: 0.01 | F95: 0.01 | G95: 0.2 | H95: 9580 | I95: 0 | J95: 16 | M95: 0 | O95: 0 | P95: 0 | Q95: 0 | R95: 4416.333 | S95: 0.18279902 | T95: 0
C96: 18483.16 | H96: 8580 | I96: 0 | J96: 0 | K96: 0 | M96: 0 | O96: 0 | P96: 0 | Q96: 0 | R96: 3696.67 | T96: 0
C97: 5676.34 | H97: 1000 | I97: 9190 | J97: 16 | K97: 16 | L97: 0 | M97: 0 | N97: 0 | O97: 0 | P97: 0 | Q97: 0 | R97: 719.663 | T97: 3709.293
H98: 100 | I98: 390 | J98: 0 | O98: 0 | Q98: 0 | R98: 182.7 | T98: 707.04
H99: 0 | J99: 0 | O99: 0 | R99: 0
A101: 16 | B101: 224378500: Replacement and Modernization of Signalling and Interlocking System of Station of Ishurdi-Parbatipur Section in West Zone of Bangladesh Railway.(EDCF) (01.07.2023 to 30.06.2027), Project Director, Syed Md. Shahiduzzaman, Mobile: 01709999093 | C101: 74672.32 | D101: 0.12 | F101: 0 | G101: 0.04 | H101: 8800 | I101: 0 | J101: 415 | M101: 0 | O101: 0 | P101: 0 | Q101: 0 | R101: 94.61 | S101: 0.0012670023 | T101: 0
C102: 54890.01 | H102: 8000 | I102: 0 | J102: 0 | K102: 0 | M102: 0 | O102: 0 | P102: 0 | Q102: 0 | R102: 68.3 | T102: 0
C103: 19782.31 | H103: 800 | I103: 6780 | J103: 415 | K103: 415 | L103: 0 | M103: 0 | N103: 0 | O103: 0 | P103: 0 | Q103: 0 | R103: 26.31 | T103: 0
H104: 600 | I104: 2020 | J104: 0 | K104: 0 | L104: 0 | O104: 0 | Q104: 0 | R104: 26.31 | T104: 94.61
H105: 0 | J105: 0 | O105: 0 | R105: 0
A107: 17 | B107: 224396900: Construction of Pubail-Dhirasram rail link including land acquisition for construction of Dhirasram ICD.(GoB) (01.10.2023 to 30.09.2026), Project Director, Md. Hamidur Rahman, Mobile: 01711691161 | C107: 340288.6 | D107: 0.15 | E107: 0.005 | F107: 0.005 | G107: 0.2675 | H107: 74100 | I107: 0 | J107: 74100 | L107: 3.08 | M107: 4.1565452e-05 | O107: 3.08 | P107: 4.1565452e-05 | Q107: 0 | R107: 102.54 | S107: 0.00030133246 | T107: 0
C108: 0 | H108: 0 | I108: 0 | J108: 0 | K108: 0 | O108: 0 | Q108: 0 | R108: 0 | T108: 0
C109: 340288.6 | H109: 74100 | I109: 73911 | J109: 74100 | K109: 74096.92 | L109: 3.08 | M109: 4.1565452e-05 | N109: 0 | O109: 3.08 | P109: 4.1565452e-05 | Q109: 0 | R109: 102.54 | T109: 1.95
H110: 189 | I110: 189 | J110: 3.08 | K110: 3.08 | L110: 3.08 | N110: 3.08 | O110: 3.08 | Q110: 3.08 | R110: 100.59 | T110: 100.59
H111: 0 | J111: 0 | O111: 0 | R111: 0
A113: 18 | B113: 224394000: Conversion of existing Chattogram-Dohazari Meter Gauge track into Dual Gauge track.(ADB) (01.07.2023 to 30.06.2028), Project Director, Md. Ashadul Haque, Mobile: 01711691664 | C113: 1079708.5 | D113: 0.31 | F113: 0 | G113: 0.0551 | H113: 105500 | I113: 0 | J113: 750 | L113: 4.44 | M113: 4.2085308e-05 | O113: 4.44 | P113: 4.2085308e-05 | Q113: 0 | R113: 46.77 | S113: 4.3317246e-05 | T113: 0
C114: 708564.52 | H114: 102500 | I114: 0 | J114: 0 | K114: 0 | M114: 0 | O114: 0 | P114: 0 | Q114: 0 | R114: 0 | T114: 0
C115: 371144 | H115: 3000 | I115: 101809 | J115: 750 | K115: 745.56 | L115: 4.44 | M115: 0.00148 | N115: 0 | O115: 4.44 | P115: 0.00148 | Q115: 0 | R115: 46.77 | T115: 0
H116: 1191 | I116: 3691 | J116: 4.44 | K116: 4.44 | L116: 4.44 | N116: 4.44 | O116: 4.44 | Q116: 4.44 | R116: 46.77 | T116: 46.77
H117: 0 | J117: 0 | O117: 0 | R117: 0
...

Sheet টপ
A1: বাংলাদেশ রেলওয়ে
A2: বাংলাদেশ রেলওয়ে কর্তৃক বাস্তবায়নাধীন ২০২৬-২০২৭ অর্থবছরের এডিপি প্রকল্পসমূহের অর্থায়নভিত্তিক বিবরণ এবং জুলাই-২০২৬ পর্যন্ত অগ্রগতির সার-সংক্ষেপ।
A4: এডিপি'তে অন্তর্ভুক্ত মোট প্রকল্পের সংখ্যা | E4: 30
A5: বিনিয়োগ প্রকল্প | E5: 22
A6: কারিগরী সহায়তা (টিএ) প্রকল্প | E6: 8
A8: অর্থের উৎস | B8: প্রকল্প সংখ্যা | C8: ২০২৬-২০২৭ অর্থ বছরের এডিপি বরাদ্দ | F8: ২০২৬-২০২৭ অর্থ বছরের অগ্রগতি
C9: মোট | D9: জিওবি | E9: পি.এ. | F9: মোট | G9: জিওবি | H9: পি.এ.
C10: অঙ্কসমূহ লক্ষ টাকায়
A11: বিনিয়োগ প্রকল্প:
J12: 0
A13: (ক) জিওবি অর্থায়ন প্রকল্প | B13: 8 | C13: 98674 | D13: 98674 | E13: 0 | F13: 3.08 | G13: 3.08 | H13: 0 | K13: 0
F14: 3.1213896e-05 | G14: 3.1213896e-05
A16: (খ) এডিবি অর্থায়ন প্রকল্প | B16: 2 | C16: 115080 | D16: 4000 | E16: 111080 | F16: 4.44 | G16: 4.44 | H16: 0
F17: 3.8581856e-05 | G17: 0.00111 | H17: 0
J18: 0
A19: (গ) ডিআরজিএ অর্থায়ন প্রকল্প | B19: 1 | C19: 1651 | D19: 1651 | E19: 0 | F19: 0 | G19: 0 | H19: 0
F20: 0 | G20: 0
A22: (ঘ) জাইকা অর্থায়ন প্রকল্প | B22: 2 | C22: 41287 | D22: 17677 | E22: 23610 | F22: 4.94 | G22: 4.94 | H22: 0
F23: 0.00011965025 | G23: 0.00027945918 | H23: 0
J24: 0
A25: (ঙ) ইডিসিএফ অর্থায়ন প্রকল্প | B25: 2 | C25: 78551 | D25: 1600 | E25: 76951 | F25: 5.11 | G25: 5.11 | H25: 0
F26: 6.5053277e-05 | G26: 0.00319375 | H26: 0
A28: (চ) এলওসি অর্থায়ন প্রকল্প | B28: 4 | C28: 59407.5 | D28: 3703 | E28: 55704.5 | F28: 96.48 | G28: 96.48 | H28: 0
A29: (ভারতীয় রাষ্ট্রীয় ঋণ) | G29: 0.02605455 | H29: 0
J30: 0
A31: (ছ) চায়না অর্থায়ন প্রকল্প | B31: 2 | C31: 10001 | D31: 10001 | E31: 0 | F31: 7.4 | G31: 7.4 | H31: 0
F32: 0.00073992601 | G32: 0.00073992601
J33: 0
A34: (জ) ইআইবি অর্থায়ন প্রকল্প | B34: 1 | C34: 100479 | D34: 23071 | E34: 77408 | F34: 3.78 | G34: 3.78 | H34: 0
F35: 3.7619801e-05 | G35: 0.00016384205 | H35: 0
J36: 0
A37: মোট বিনিয়োগ প্রকল্প | B37: 22 | C37: 505130.5 | D37: 160377 | E37: 344753.5 | F37: 125.23 | G37: 125.23 | H37: 0
F38: 0.00024791613 | G38: 0.00078084763 | H38: 0
A41: (ঝ) কারিগরি সহায়তা (টিএ) প্রকল্প:
A42: এডিবি অর্থায়ন প্রকল্প | B42: 4 | C42: 9832 | D42: 808 | E42: 9024 | F42: 6 | G42: 0 | H42: 6 | J42: 0
F43: 0.00061025224 | G43: 0 | H43: 0.00066489362
A44: জাইকা অর্থায়ন প্রকল্প | B44: 1 | C44: 8372 | D44: 1500 | E44: 6872 | F44: 0 | G44: 0 | H44: 0
F45: 0 | G45: 0 | H45: 0
A46: বিশ্ব ব্যাংক অর্থায়ন প্রকল্প | B46: 1 | C46: 6453 | D46: 800 | E46: 5653 | F46: 0.24 | G46: 0.24 | H46: 0
F47: 3.7192004e-05 | G47: 0.0003 | H47: 0
A48: দক্ষিণ কোরিয়া | B48: 2 | C48: 5555.5 | D48: 210 | E48: 5345.5 | F48: 545.58 | G48: 0 | H48: 545.58
F49: 0.098205382 | G49: 0 | H49: 0.10206342
A50: মোট টিএ প্রকল্প | B50: 8 | C50: 30212.5 | D50: 3318 | E50: 26894.5 | F50: 551.82 | G50: 0.24 | H50: 551.58 | J50: 0
D51: 5653 | F51: 0.018264626 | G51: 7.2332731e-05 | H51: 0.020509026
A53: সর্বমোট | B53: 30 | C53: 535343 | D53: 163695 | E53: 371648 | F53: 677.05 | G53: 125.47 | H53: 551.58
A54: (বিনিয়োগ ও টিএ) | D54: 5653 | F54: 0.0012647032 | G54: 0.00076648645 | H54: 0.0014841463
A56: পূর্ববর্তী বছর = | B56: 27 | C56: 753522 | D56: 400800 | E56: 352722 | F56: 1023.9 | G56: 593.14 | H56: 430.76 | J56: 0
B57: 0 | F57: 0.001358819 | G57: 0.0014798902 | H57: 0.0012212451
A58: * ইডিসিএফ = ইকোনোমিক ডেভেলপমেন্ট কো-অপারেশন ফাণ্ড।
A59: * ডিআরজিএ = ডেব্‌ট রিলিফ গ্রান্ট এসিসট্যান্টস।
A60: * জুলাই-জুলাই পর্যন্ত এডিপি (২০২০-২১) বাস্তবায়নের জাতীয় গড় অগ্রগতি (আর্থিক)
J62: 0
J68: 0
J74: 0
J77: 140440.46
J80: 0
P83: #REF!
J86: 0
J92: 0
B93: #REF!
J98: 0
D103: #REF!
J104: 0
J110: 0
J116: 0
J123: 0
J129: 0
J135: 0
J141: 0
J147: 0
J153: 0
J159: 0
J165: 0
J166: 3
... J177: 0
D181: #REF!
J183: 0
J196: 0
J202: 0
J208: 0
J214: 0
E239: 0.02
E269: 0.05
M272: সিদ্ধান্ত: বাস্তবায়ন:

Sheet ডিআরএম
C1: =[1]D2!F2&[1]D2!G2&[1]D2!H2&" অর্থবছরে বাংলাদেশ রেলওয়ের উন্নয়ন প্রকল্পসমূহের "&[1]D2!D1&" পর্যন্ত বাস্তবায়ন (বাস্তব ও আর্থিক) অগ্রগতি" -> ২০২৬-২০২৭ অর্থবছরে বাংলাদেশ রেলওয়ের উন্নয়ন প্রকল্পসমূহের জুলাই পর্যন্ত বাস্তবায়ন (বাস্তব ও আর্থিক) অগ্রগতি
C2: ক্রমিক | D2: প্রকল্পের কোড ও নাম, বাস্তবায়ন কাল, প্রকল্প পরিচালকের পদবী, নাম ও মোবাইল নম্বর। | E2: প্রাক্কলিত ব্যয় | F2: =[1]D2!D4&" বরাদ্দ "&[1]D2!F2&[1]D2!G2&[1]D2!H2 -> এডিপি বরাদ্দ ২০২৬-২০২৭ | G2: =[1]D2!F2&[1]D2!G2&[1]D2!H2&" অর্থবছরের "&[1]D2!D1&" পর্যন্ত অগ্রগতি" -> ২০২৬-২০২৭ অর্থবছরের জুলাই পর্যন্ত অগ্রগতি | J2: =[1]D2!D1&[1]D2!G2&[1]D2!F1&" পর্যন্ত ক্রমপুঞ্জিত অগ্রগতি" -> জুলাই-২০২৬ পর্যন্ত ক্রমপুঞ্জিত অগ্রগতি | O2: প্রকল্পের নাম, বাস্তবায়ন কাল, প্রকল্প পরিচালকের নাম ও মোবাইল নম্বর।
G3: ভৌত | H3: আর্থিক | J3: =G3 -> ভৌত | K3: =H3 -> আর্থিক
E4: মোট | F4: =E4 -> মোট | H4: =E4 -> মোট | I4: % | K4: =E4 -> মোট | L4: =I4 -> % | M4: সিদ্ধান্ত ও বাস্তবায়ন
E5: পিএ | F5: =E5 -> পিএ | H5: =E5 -> পিএ | I5: =I4 -> % | K5: =E5 -> পিএ
E6: জিওবি | F6: =E6 -> জিওবি | H6: =E6 -> জিওবি | I6: =I4 -> % | K6: =E6 -> জিওবি
E7: (ডিআরজিএ)
E8: অঙ্কসমূহ লক্ষ টাকায়
D9: (ক) বিনিয়োগ প্রকল্প (জিওবি অর্থায়নপুষ্ট) | O9: (ক) বিনিয়োগ প্রকল্প
A10: 8 | B10: =English!B29 -> 224088300: Rehabilitation, Construction and Upgradation of Important Level Crossing Gates of East Zone of Bangladesh Railway (5th revised).(GoB) (01.07.2015 to 30.06.2027), Project Director, Sheikh Naimul Haque, Mobile: 01711691177 | C10: 1 | D10: =[1]D1!AP5 -> ২২৪০৮৮৩০০: বাংলাদেশ রেলওয়ের পূর্বাঞ্চলের লেভেল ক্রসিং গেইটসমূহের পুনর্বাসন ও মান উন্নয়ন (৫ম সংশোধিত)। (জিওবি), ০১.০৭.২০১৫ হতে ৩০.০৬.২০২৭, প্রকল্প পরিচালক, শেখ নাইমুল হক, মোবা: ০১৭১১৬৯১১৭৭ | E10: =English!C29 -> 17363.13 | F10: =English!H29 -> 1425 | G10: =English!F29 -> 0 | H10: =English!O29 -> 0 | I10: =IF(F10=0," ",H10/F10) -> 0 | J10: =English!G29 -> 1 | K10: =English!R29 -> 15490.695 | L10: =K10/E10 -> 0.89216028 | M10: =[1]D1!HH5 -> সিদ্ধান্ত: বাস্তবায়ন: | O10: ২২৪০৮৮৩০০: বাংলাদেশ রেলওয়ের পূর্বাঞ্চলের লেভেল ক্রসিং গেইটসমূহের পুনর্বাসন ও মান উন্নয়ন (২য় সংশোধিত)। (জিওবি), ০১.০৭.২০১৫ হতে ৩০.০৬.২০২১, ডিডি(এস্টেট), মোঃ আবিদুর রহমান, মোবা: ০১৭১১৬৯২৯৪০
E11: =English!C30 -> 0 | F11: =English!H30 -> 0 | H11: =English!O30 -> 0 | I11: =IF(F11=0," ",H11/F11) | K11: =English!R30 -> 0
E12: =English!C31 -> 17363.13 | F12: =English!H31 -> 1425 | H12: =English!O31 -> 0 | I12: =IF(F12=0," ",H12/F12) -> 0 | J12: =O12 -> 0 | K12: =English!R31 -> 15490.695
A14: 9 | B14: =English!B35 -> 224088400: Rehabilitation, Construction and Upgradation of important Level Crossing Gates of West Zone of Bangladesh Railway (4th revised). (GoB) (01.07.2015 to 30.06.2027), XEN (P&D),Rajshahi, Birbal Mondal, Mobile: 1711692870 | C14: 2 | D14: =[1]D1!AP6 -> ২২৪০৮৮৪০০: বাংলাদেশ রেলওয়ের পশ্চিমাঞ্চলের লেভেল ক্রসিং গেইটসমূহের পুনর্বাসন ও মান উন্নয়ন (৪র্থ সংশোধিত)। (জিওবি), ০১.০৭.২০১৫ হতে ৩০.০৬.২০২৭, নির্বাহী প্রকৌশলী/পিএন্ডডি, রাজশাহী, বীরবল মন্ডল, মোবা: ০১৭১১৬৯২৮৭০ | E14: =English!C35 -> 15990.62 | F14: =English!H35 -> 1449 | G14: =English!F35 -> 0.0005 | H14: =English!O35 -> 0 | I14: =IF(F14=0," ",H14/F14) -> 0 | J14: =English!G35 -> 0.9864 | K14: =English!R35 -> 14103.14 | L14: =K14/E14 -> 0.8819633 | M14: =[1]D1!HH6 -> সিদ্ধান্ত: বাস্তবায়ন: | O14: ২২৪০৮৮৪০০: বাংলাদেশ রেলওয়ের পশ্চিমাঞ্চলের লেভেল ক্রসিং গেইটসমূহের পুনর্বাসন ও মান উন্নয়ন (১ম সংশোধিত)। (জিওবি), ০১.০৭.২০১৫ হতে ৩০.০৬.২০২১, ডিইএন-১, মেঃ মোস্তাফিজুর রহমান, মোবা: ০১৭১১৬৯২৮৭০ | W14: 2
E15: =English!C36 -> 0 | F15: =English!H36 -> 0 | H15: =English!O36 -> 0 | I15: =IF(F15=0," ",H15/F15) | K15: =English!R36 -> 0
E16: =English!C37 -> 15990.62 | F16: =English!H37 -> 1449 | H16: =English!O37 -> 0 | I16: =IF(F16=0," ",H16/F16) -> 0 | K16: =English!R37 -> 14103.14
B18: =English!B53 -> 224269100: Construction of Broad Gauge Rail Line From Madhukhali to Magura Via Kamarkhali (1st Revised).(GoB) (01.05.2018 to 31.12.2027), Project Director , Md. Ahsan Jabir, Mobile: 01711691573 | C18: 3 | D18: =[1]D1!AP9 -> ২২৪২৬৯১০০: মধুখালী হতে কামারখালী হয়ে মাগুরা শহর পর্যন্ত ব্রডগেজ রেলপথ নির্মাণ (১ম সংশোধিত)। (জিওবি), ০১.০৫.২০১৮ হতে ৩১.১২.২০২৭, প্রকল্প পরিচালক, মোঃ আহসান জাবির, মোবা: ০১৭১১৬৯১৫৭৩ | E18: =English!C53 -> 126207.37 | F18: =English!H53 -> 10000 | G18: =English!F53 -> 0.004 | H18: =English!O53 -> 0 | I18: =IF(F18=0," ",H18/F18) -> 0 | J18: =English!G53 -> 0.6164 | K18: =English!R53 -> 70996.06 | L18: =K18/E18 -> 0.56253498 | M18: =[1]D1!HH9 -> সিদ্ধান্ত: বাস্তবায়ন: | O18: ২২৪২৬৯১০০: মধুখালী হতে কামারখালী হয়ে মাগুরা শহর পর্যন্ত ব্রডগেজ রেলপথ নির্মাণ। (জিওবি), ০১.০৫.২০১৮ হতে ৩০.০৪.২০২২, অতি: প্রধান প্রকৌশলী (ট্র্যাক, পশ্চিম), আছাদুল হক, মোবা: ০১৭১১৬৯১৫৭৩
D19: =#REF! -> #REF! | E19: =English!C54 -> 0 | F19: =English!H54 -> 0 | H19: =English!O54 -> 0 | I19: =IF(F19=0," ",H19/F19) | K19: =English!R54 -> 0 | O19: 0
D20: =#REF! -> #REF! | E20: =English!C55 -> 126207.37 | F20: =English!H55 -> 10000 | H20: =English!O55 -> 0 | I20: =IF(F20=0," ",H20/F20) -> 0 | K20: =English!R55 -> 70996.06 | O20: 0
D21: =#REF! -> #REF! | O21: 0
C22: 4 | D22: =[1]D1!AP15 -> ২২৪৩৭৪১০০: বাংলাদেশ রেলওয়ের পশ্চিমাঞ্চলের জন্য ৫০টি বিজি ও ৫০টি এমজি যাত্রীবাহী ক্যারেজ পুনর্বাসন। (জিওবি), ০১.০৭.২০২২ হতে ৩০.০৬.২০২৭, প্রকল্প পরিচালক, শাহ সুফী নূর মোহাম্মদ, মোবা: ০১৭১১৫০৬১৩৪ | E22: =English!C89 -> 13846.91 | F22: =English!H89 -> 1500 | G22: =English!F89 -> 0 | H22: =English!O89 -> 0 | I22: =IF(F22=0," ",H22/F22) -> 0 | J22: =English!G89 -> 0.315 | K22: =English!R89 -> 3943.723 | L22: =K22/E22 -> 0.28480889 | M22: =[1]D1!HH15 -> সিদ্ধান্ত: বাস্তবায়ন:
E23: =English!C90 -> 0 | F23: =English!H90 -> 0 | H23: =English!O90 -> 0 | I23: =IF(F23=0," ",H23/F23) | K23: =English!R90 -> 0
E24: =English!C91 -> 13846.91 | F24: =English!H91 -> 1500 | H24: =English!O91 -> 0 | I24: =IF(F24=0," ",H24/F24) -> 0 | K24: =English!R91 -> 3943.723
C26: 5 | D26: =[1]D1!AP18 -> ২২৪৩৯৬৯০০: ধীরাশ্রম আইসিডি নির্মাণের লক্ষ্যে জমি অধিগ্রহণসহ পুবাইল-ধীরাশ্রম রেল লিংক নির্মাণ। (জিওবি), ০১.১০.২০২৩ হতে ৩০.০৯.২০২৬, প্রকল্প পরিচালক, মোঃ হামিদুর রহমান, মোবা: ০১৭১১৬৯১১৬১ | E26: =English!C107 -> 340288.6 | F26: =English!H107 -> 74100 | G26: =English!F107 -> 0.005 | H26: =English!O107 -> 3.08 | I26: =IF(F26=0," ",H26/F26) -> 4.1565452e-05 | J26: =English!G107 -> 0.2675 | K26: =English!R107 -> 102.54 | L26: =K26/E26 -> 0.00030133246 | M26: =[1]D1!HH18 -> সিদ্ধান্ত: বাস্তবায়ন:
E27: =English!C108 -> 0 | F27: =English!H108 -> 0 | H27: =English!O108 -> 0 | I27: =IF(F27=0," ",H27/F27) | K27: =English!R108 -> 0
E28: =English!C109 -> 340288.6 | F28: =English!H109 -> 74100 | H28: =English!O109 -> 3.08 | I28: =IF(F28=0," ",H28/F28) -> 4.1565452e-05 | K28: =English!R109 -> 102.54
C30: 6 | D30: =[1]D1!AP21 -> ২২৪৪১৪৮০০: বাংলাদেশ রেলওয়ে পূর্বাঞ্চলের রেলপথ রক্ষণাবেক্ষণ ও পুনর্বাসন প্রকল্প। (জিওবি), ০১.০৭.২০২৫ হতে ৩০.০৬.২০২৯, প্রকল্প পরিচালক , মোঃ তানভিরুল ইসলাম, মোবা: ০১৭১১৫০৬১০১ | E30: =English!C125 -> 179166.21 | F30: =English!H125 -> 10000 | G30: =English!F125 -> 0.005 | H30: =English!O125 -> 0 | I30: =IF(F30=0," ",H30/F30) -> 0 | J30: =English!G125 -> 0.035 | K30: =English!R125 -> 4.79 | L30: =K30/E30 -> 2.6734952e-05 | M30: =[1]D1!HH21 -> সিদ্ধান্ত: বাস্তবায়ন:
E31: =English!C126 -> 0 | F31: =English!H126 -> 0 | H31: =English!O126 -> 0 | I31: =IF(F31=0," ",H31/F31) | K31: =English!R126 -> 0
E32: =English!C127 -> 179166.21 | F32: =English!H127 -> 10000 | H32: =English!O127 -> 0 | I32: =IF(F32=0," ",H32/F32) -> 0 | K32: =English!R127 -> 4.79
C34: 7 | D34: =[1]D1!AP22 -> ২২২০১৯৯০০: বাংলাদেশ রেলওয়ে ট্রেনিং একাডেমী আধুনিকায়ন ও সম্প্রসারণের লক্ষ্যে সম্ভাব্যতা সমীক্ষাসহ বিশদ নকশা প্রণয়ন। (জিওবি), ০১.০৭.২০২৫ হতে ৩১.১০.২০২৬, প্রকল্প পরিচালক , জেবুন্নেছা জেরী, মোবা: ০১৭১১৬৯১০২৪ | E34: =English!C131 -> 1528.72 | F34: =English!H131 -> 200 | G34: =English!F131 -> 0 | H34: =English!O131 -> 0 | I34: =IF(F34=0," ",H34/F34) -> 0 | J34: =English!G131 -> 0.0015 | K34: =English!R131 -> 2.25 | L34: =K34/E34 -> 0.0014718196 | M34: =[1]D1!HH22 -> সিদ্ধান্ত: বাস্তবায়ন:
E35: =English!C132 -> 0 | F35: =English!H132 -> 0 | H35: =English!O132 -> 0 | I35: =IF(F35=0," ",H35/F35) | K35: =English!R132 -> 0
E36: =English!C133 -> 1528.72 | F36: =English!H133 -> 200 | H36: =English!O133 -> 0 | I36: =IF(F36=0," ",H36/F36) -> 0 | K36: =English!R133 -> 2.25
C38: 8 | D38: =[1]D1!AP23 -> ২২৪৪২৫৭০০: বাংলাদেশ রেলওয়ে পশ্চিমাঞ্চলের রেলপথ রক্ষণাবেক্ষণ ও পুনর্বাসন (১ম পর্যায়) (জিওবি), ০১.০৩.২০২৬ হতে ২৮.০২.২০৩১, প্রকল্প পরিচালক (ফোকাল পয়েন্ট কর্মকর্তা), আহম্মদ হোসেন মাসুম, মোবা: ০১৭১১৫০৬১০২ | E38: =English!C137 -> 202858.61 | F38: =English!H137 -> 0 | G38: =English!F137 -> 0 | H38: =English!O137 -> 0 | I38: =IF(F38=0," ",H38/F38) | J38: =English!G137 -> 0 | K38: =English!R137 -> 0 | L38: =K38/E38 -> 0 | M38: =[1]D1!HH26 -> সিদ্ধান্ত: বাস্তবায়ন:
E39: =English!C138 -> 0 | F39: =English!H138 -> 0 | H39: =English!O138 -> 0 | I39: =IF(F39=0," ",H39/F39) | K39: =English!R138 -> 0
E40: =English!C139 -> 202858.61 | F40: =English!H139 -> 0 | H40: =English!O139 -> 0 | I40: =IF(F40=0," ",H40/F40) | K40: =English!R139 -> 0
D42: মোট জিওবি অর্থায়ণপুষ্ট | E42: =E10+E14+E18+E22+E26+E30+E34+E38 -> 897250.17 | F42: =F10+F14+F18+F22+F26+F30+F34+F38 -> 98674 | H42: =H10+H14+H18+H22+H26+H30+H34+H38 -> 3.08 | I42: =IF(F42=0," ",H42/F42) -> 3.1213896e-05 | K42: =K10+K14+K18+K22+K26+K30+K34+K38 -> 104643.2 | L42: =K42/E42 -> 0.11662656 | O42: মোট জিওবি অর্থায়ণপুষ্ট
E43: =E11+E15+E19+E23+E27+E31+E35+E39 -> 0 | F43: =F11+F15+F19+F23+F27+F31+F35+F39 -> 0 | G43: =G11+G15+G23+G27+G31+G35+G39 -> 0 | H43: =H11+H15+H19+H23+H27+H31+H35+H39 -> 0 | I43: =IF(F43=0," ",H43/F43) | J43: =J11+J15+J23+J27+J31+J35+J39 -> 0 | K43: =K11+K15+K19+K23+K27+K31+K35+K39 -> 0
E44: =E12+E16+E20+E24+E28+E32+E36+E40 -> 897250.17 | F44: =F12+F16+F20+F24+F28+F32+F36+F40 -> 98674 | G44: =G12+G16+G24+G28+G32+G36+G40 -> 0 | H44: =H12+H16+H20+H24+H28+H32+H36+H40 -> 3.08 | I44: =IF(F44=0," ",H44/F44) -> 3.1213896e-05 | J44: =J12+J16+J24+J28+J32+J36+J40 -> 0 | K44: =K12+K16+K20+K24+K28+K32+K36+K40 -> 104643.2
E45: =E13+E17+E21+E25+E29+E33+E37+E41 -> 0 | F45: =F13+F17+F21+F25+F29+F33+F37+F41 -> 0 | H45: =H13+H17+H21+H25+H29+H33+H37+H41 -> 0 | J45: =O45 -> 0 | K45: =K13+K17+K21+K25+K29+K33+K37+K41 -> 0
D46: (খ) বিনিয়োগ প্রকল্প (এডিবি অর্থায়নপুষ্ট): | O46: (খ) বিনিয়োগ প্রকল্প (এডিবি অর্থায়নপুষ্ট):
C47: 9 | D47: =[1]D1!AP16 -> ২২৪৩৭৪২০০: ২০২২ সালের বন্যায় মারাত্মকভাবে ক্ষতিগ্রস্ত বাংলাদেশ রেলওয়ের সিলেট-ছাতকবাজার সেকশন (মিটারগেজ) পুনর্বাসন। (এডিবি), ০১.০৪.২০২৩ হতে ৩০.০৬.২০২৭, প্রকল্প পরিচালক, মোহাম্মদ মহিউদ্দিন আরিফ, মোবা: ০১৭১১৬৯১০৫৭ | E47: =English!C95 -> 24159.5 | F47: =English!H95 -> 9580 | G47: =English!F95 -> 0.01 | H47: =English!O95 -> 0 | I47: =IF(F47=0," ",H47/F47) -> 0 | J47: =English!G95 -> 0.2 | K47: =English!R95 -> 4416.333 | L47: =K47/E47 -> 0.18279902 | M47: =[1]D1!HH16 -> সিদ্ধান্ত: বাস্তবায়ন: | O47: ২২৪২৬৯০০০: বাংলাদেশ রেলওয়ের রোলিং স্টক অপারেশন উন্নয়ন (রোলিং স্টক সংগ্রহ)। (এডিবি), ০১.০৭.২০১৭ হতে ৩০.০৬.২০২১, জিএম (প্রকল্প), মোঃ মিজানুর রহমান, মোবা: ০১৭০৯৯৯৯০৯৪
E48: =English!C96 -> 18483.16 | F48: =English!H96 -> 8580 | H48: =English!O96 -> 0 | I48: =IF(F48=0," ",H48/F48) -> 0 | K48: =English!R96 -> 3696.67 | M48: =#REF! -> #REF! | O48: 0
E49: =English!C97 -> 5676.34 | F49: =English!H97 -> 1000 | H49: =English!O97 -> 0 | I49: =IF(F49=0," ",H49/F49) -> 0 | K49: =English!R97 -> 719.663 | M49: =#REF! -> #REF! | O49: 0
M50: =#REF! -> #REF!
C51: 10 | D51: =[1]D1!AP19 -> ২২৪৩৯৪০০০: চট্টগ্রাম- দোহাজারী মিটার গেজ রেলপথকে ডুয়েল গেজ রেলপথে রূপান্তর। (এডিবি), ০১.০৭.২০২৩ হতে ৩০.০৬.২০২৮ , প্রকল্প পরিচালক , মোঃ আসাদুল হক, মোবা: ০১৭১১৬৯১৬৬৪ | E51: =English!C113 -> 1079708.5 | F51: =English!H113 -> 105500 | G51: =English!F113 -> 0 | H51: =English!O113 -> 4.44 | I51: =IF(F51=0," ",H51/F51) -> 4.2085308e-05 | J51: =English!G113 -> 0.0551 | K51: =English!R113 -> 46.77 | L51: =K51/E51 -> 4.3317246e-05 | M51: =[1]D1!HH19 -> সিদ্ধান্ত: বাস্তবায়ন:
E52: =English!C114 -> 708564.52 | F52: =English!H114 -> 102500 | H52: =English!O114 -> 0 | I52: =IF(F52=0," ",H52/F52) -> 0 | K52: =English!R114 -> 0
E53: =English!C115 -> 371144 | F53: =English!H115 -> 3000 | H53: =English!O115 -> 4.44 | I53: =IF(F53=0," ",H53/F53) -> 0.00148 | K53: =English!R115 -> 46.77
D55: মোট এডিবি অর্থায়ণপুষ্ট | E55: =E47+E51 -> 1103868 | F55: =F47+F51 -> 115080 | H55: =H47+H51 -> 4.44 | I55: =IF(F55=0," ",H55/F55) -> 3.8581856e-05 | K55: =K47+K51 -> 4463.103 | L55: =K55/E55 -> 0.0040431491 | O55: মোট এডিবি অর্থায়ণপুষ্ট
E56: =E48+E52 -> 727047.68 | F56: =F48+F52 -> 111080 | H56: =H48+H52 -> 0 | I56: =IF(F56=0," ",H56/F56) -> 0 | K56: =K48+K52 -> 3696.67
E57: =E49+E53 -> 376820.34 | F57: =F49+F53 -> 4000 | H57: =H49+H53 -> 4.44 | I57: =IF(F57=0," ",H57/F57) -> 0.00111 | K57: =K49+K53 -> 766.433
E58: =E50+E54 -> 0 | F58: =F50+F54 -> 0 | H58: =+H50+H54 -> 0 | K58: =K50+K54 -> 0
D59: (গ) বিনিয়োগ প্রকল্প (ডিআরজিএ অর্থায়নপুষ্ট): | O59: (গ) বিনিয়োগ প্রকল্প (ডিআরজিএ অর্থায়নপুষ্ট):
A60: 7 | B60: =English!B23 -> 224089700: Construction of a Dual Gauge Line Parallel to The Existing Meter Gauge Line in Dhaka-Narayanganj Section (1st Revised).(DRGA) (01.07.2014 to 30.06.2026), Project Director, Md. Selim Rouf, Mobile: 01325087301 | C60: 11 | D60: =[1]D1!AP4 -> ২২৪০৮৯৭০০: ঢাকা-নারায়ণগঞ্জ সেকশনে বিদ্যমান মিটারগেজ রেল লাইনের সমান্তরাল একটি ডুয়েলগেজ রেল লাইন নির্মাণ (১ম সংশোধিত)। (ডিআরজিএ), ০১.০৭.২০১৪ হতে ৩০.০৬.২০২৬, প্রকল্প পরিচালক, মোঃ সেলিম রউফ, মোবা: ০১৩২৫০৮৭৩০১ | E60: =English!C23 -> 65834.6 | F60: =English!H23 -> 1651 | G60: =English!F23 -> 0.02 | H60: =English!O23 -> 0 | I60: =IF(F60=0," ",H60/F60) -> 0 | J60: =English!G23 -> 0.64 | K60: =English!R23 -> 26449.46 | L60: =K60/E60 -> 0.40175622 | M60: =[1]D1!HH4 -> সিদ্ধান্ত: বাস্তবায়ন: | O60: ২২৪০৮৯৭০০: ঢাকা-নারায়ণগঞ্জ সেকশনে বিদ্যমান মিটারগেজ রেল লাইনের সমান্তরাল একটি ডুয়েলগেজ রেল লাইন নির্মাণ। (ডিআরজিএ), ০১.০৭.২০১৪ হতে ৩০.০৬.২০২১, প্রকল্প পরিচালক, মোঃ আফজাল হোসেন, মোবা: ০১৭১১৫০৬১১৩ | W60: 23
E61: =English!C24 -> 0 | F61: =English!H24 -> 0 | H61: =English!O24 -> 0 | I61: =IF(F61=0," ",H61/F61) | K61: =English!R24 -> 0
E62: =English!C25 -> 65834.6 | F62: =English!H25 -> 1651 | H62: =English!O25 -> 0 | I62: =IF(F62=0," ",H62/F62) -> 0 | K62: =English!R25 -> 26449.46
E63: =[1]D1!AY4 -> 24954.51
D64: (ঘ) বিনিয়োগ প্রকল্প (জাইকা অর্থায়নপুষ্ট): | O64: (ঘ) বিনিয়োগ প্রকল্প (জাইকা অর্থায়নপুষ্ট):
A65: =#REF! -> #REF! | B65: =#REF! -> #REF! | C65: 12 | D65: =[1]D1!AP8 -> ২২৪০৮৮২০০: যমুনা রেল সেতু প্রকল্প (২য় সংশোধিত)। (জাইকা), ০১.০৭.২০১৬ হতে ৩০.০৬.২০২৭, প্রকল্প পরিচালক, আল ফাত্তাহ মোঃ মাসউদুর রহমান, মোবা: ০১৭১১৫০৬১০৫ | E65: =English!C47 -> 1659080.3 | F65: =English!H47 -> 35610 | G65: =English!F47 -> 0 | H65: =English!O47 -> 0.8 | I65: =IF(F65=0," ",H65/F65) -> 2.24656e-05 | J65: =English!G47 -> 0.9937 | K65: =English!R47 -> 1434543.2 | L65: =K65/E65 -> 0.86466172 | M65: =[1]D1!HH8 -> সিদ্ধান্ত: বাস্তবায়ন: | O65: ২২৪০৮৮২০০: বঙ্গবন্ধু শেখ মুজিব রেলওয়ে সেতু। (জাইকা), ০১.০১.২০১৬ হতে ৩১.১২.২০২৩, মহাব্যবস্থাপক/প্রকল্প পরিচালক, মোঃ কামরুল আহসান, মোবা: ০১৭১১৫০৬১০৫
A66: =#REF! -> #REF! | B66: =#REF! -> #REF! | C66: =#REF! -> #REF! | D66: =#REF! -> #REF! | E66: =English!C48 -> 1197205 | F66: =English!H48 -> 23610 | H66: =English!O48 -> 0 | I66: =IF(F66=0," ",H66/F66) -> 0 | K66: =English!R48 -> 1137616.6 | M66: =#REF! -> #REF! | O66: 0
A67: =#REF! -> #REF! | B67: =#REF! -> #REF! | C67: =#REF! -> #REF! | D67: =#REF! -> #REF! | E67: =English!C49 -> 461875.3 | F67: =English!H49 -> 12000 | H67: =English!O49 -> 0.8 | I67: =IF(F67=0," ",H67/F67) -> 6.6666667e-05 | J67: =O67 -> 0 | K67: =English!R49 -> 296926.63 | M67: =#REF! -> #REF! | O67: 0
A68: =#REF! -> #REF! | B68: =#REF! -> #REF! | C68: =#REF! -> #REF! | D68: =#REF! -> #REF! | M68: =#REF! -> #REF! | O68: 0
A69: =#REF! -> #REF! | B69: =#REF! -> #REF! | C69: 13 | D69: =[1]D1!AP12 -> ২২৪২৭১৮০০: বাংলাদেশ রেলওয়ের জয়দেবপুর হতে ঈশ্বরদী পর্যন্ত ডুয়েল গেজ ডাবল লাইন নির্মাণ প্রকল্প। (জাইকা), ০১.০১.২০১৯ হতে ৩১.১২.২০২৭, প্রকল্প পরিচালক, মোঃ মনিরুল ইসলাম ফিরোজী, মোবা: ০১৭১১৫৬৪৫৭৫ | E69: =English!C71 -> 1425061.4 | F69: =English!H71 -> 5677 | G69: =English!F71 -> 0.0005 | H69: =English!O71 -> 4.14 | I69: =IF(F69=0," ",H69/F69) -> 0.00072925841 | J69: =English!G71 -> 0.0805 | K69: =English!R71 -> 40209.66 | L69: =K69/E69 -> 0.02821609 | M69: =[1]D1!HH12 -> সিদ্ধান্ত: বাস্তবায়ন: | O69: ২২৪২৭১৮০০: বাংলাদেশ রেলওয়ের জয়দেবপুর হতে ঈশ্বরদী পর্যন্ত ডুয়েল গেজ ডাবল লাইন নির্মাণ প্রকল্প। (চায়না), ০১.০১.২০১৯ হতে ৩১.১২.২০২৪, প্রকল্প পরিচালক, মোঃ মনিরুল ইসলাম ফিরোজী, মোবা: ০১৭১১৫৬৪৫৭৫
A70: =#REF! -> #REF! | B70: =#REF! -> #REF! | C70: =#REF! -> #REF! | D70: =#REF! -> #REF! | E70: =English!C72 -> 875675.79 | F70: =English!H72 -> 0 | H70: =English!O72 -> 0 | I70: =IF(F70=0," ",H70/F70) | K70: =English!R72 -> 0 | O70: 0
A71: =#REF! -> #REF! | B71: =#REF! -> #REF! | C71: =#REF! -> #REF! | D71: =#REF! -> #REF! | E71: =English!C73 -> 549385.6 | F71: =English!H73 -> 5677 | H71: =English!O73 -> 4.14 | I71: =IF(F71=0," ",H71/F71) -> 0.00072925841 | K71: =English!R73 -> 40209.66 | O71: 0
A72: =#REF! -> #REF! | B72: =#REF! -> #REF! | C72: =#REF! -> #REF! | D72: =#REF! -> #REF! | O72: 0
A73: =#REF! -> #REF! | B73: =#REF! -> #REF! | D73: মোট জাইকা অর্থায়ণপুষ্ট | E73: =E65+E69 -> 3084141.7 | F73: =F65+F69 -> 41287 | H73: =H65+H69 -> 4.94 | I73: =IF(F73=0," ",H73/F73) -> 0.00011965025 | K73: =K65+K69 -> 1474752.9 | L73: =K73/E73 -> 0.47817287 | M73: =[1]D1!HH16 -> সিদ্ধান্ত: বাস্তবায়ন: | O73: ২২৪২৭১৮০০: বাংলাদেশ রেলওয়ের জয়দেবপুর হতে ঈশ্বরদী পর্যন্ত ডুয়েল গেজ ডাবল লাইন নির্মাণ প্রকল্প। (চায়না), ০১.০১.২০১৯ হতে ৩১.১২.২০২৪, প্রকল্প পরিচালক, মোঃ মনিরুল ইসলাম ফিরোজী, মোবা: ০১৭১১৫৬৪৫৭৫
A74: =#REF! -> #REF! | B74: =#REF! -> #REF! | E74: =E66+E70 -> 2072880.8 | F74: =F66+F70 -> 23610 | G74: =G62 -> 0 | H74: =H66+H70 -> 0 | I74: =IF(F74=0," ",H74/F74) -> 0 | J74: =O74 -> 0 | K74: =K66+K70 -> 1137616.6 | L74: =L62 -> 0 | O74: 0
A75: =#REF! -> #REF! | B75: =#REF! -> #REF! | E75: =E67+E71 -> 1011260.9 | F75: =F67+F71 -> 17677 | G75: =G63 -> 0 | H75: =H67+H71 -> 4.94 | I75: =IF(F75=0," ",H75/F75) -> 0.00027945918 | J75: =J63 -> 0 | K75: =K67+K71 -> 337136.29 | L75: =L63 -> 0 | O75: 0
A76: =#REF! -> #REF! | B76: =#REF! -> #REF! | E76: =E68+E72 -> 0 | F76: =F68+F72 -> 0 | G76: =G64 -> 0 | H76: =H68+H72 -> 0 | I76: =I64 -> 0 | J76: =J64 -> 0 | K76: =K68+K72 -> 0 | L76: =L64 -> 0 | O76: 0
D77: =[1]D2!P6 -> (ঙ) ইডিসিএফ অর্থায়ন প্রকল্প
A78: =#REF! -> #REF! | B78: =#REF! -> #REF! | C78: 14 | D78: =[1]D1!AP17 -> ২২৪৩৭৮৫০০: বাংলাদেশ রেলওয়ের পশ্চিমাঞ্চলের ঈশ্বরদী-পাবর্তীপুর সেকশনের স্টেশন সমূহের সিগন্যালিং ও ইন্টারলকিং ব্যবস্থার প্রতিস্থাপন ও আধুনিকীকরণ। (ইডিসিএফ), ০১.০৭.২০২৩ থেকে ৩০.০৬.২০২৭, প্রকল্প পরিচালক, সৈয়দ মোঃ শাহিদুজ্জামান, মোবা: ০১৭০৯৯৯৯০৯৩ | E78: =English!C101 -> 74672.32 | F78: =English!H101 -> 8800 | G78: =English!F101 -> 0 | H78: =English!O101 -> 0 | I78: =IF(F78=0," ",H78/F78) -> 0 | J78: =English!G101 -> 0.04 | K78: =English!R101 -> 94.61 | L78: =K78/E78 -> 0.0012670023 | M78: =[1]D1!HH17 -> সিদ্ধান্ত: বাস্তবায়ন: | O78: ২২৪১৩৬২০০: বাংলাদেশ রেলওয়ের জন্য ২০টি মিটারগেজ লোকোমোটিভ এবং ১৫০টি মিটারগেজ যাত্রীবাহী ক্যারেজ সংগ্রহ। (ইডিসিএফ), ০১.০৭.২০১৭ হতে ৩০.০৬.২০২১, জিএম (প্রকল্প), মোহাম্মদ হাসান মনসুর, মোবা: ০১৭১১৬৯১১৫০
A79: =#REF! -> #REF! | B79: =#REF! -> #REF! | C79: =#REF! -> #REF! | D79: =#REF! -> #REF! | E79: =English!C102 -> 54890.01 | F79: =English!H102 -> 8000 | H79: =English!O102 -> 0 | I79: =IF(F79=0," ",H79/F79) -> 0 | K79: =English!R102 -> 68.3 | O79: 0
A80: =#REF! -> #REF! | B80: =#REF! -> #REF! | C80: =#REF! -> #REF! | D80: =#REF! -> #REF! | E80: =English!C103 -> 19782.31 | F80: =English!H103 -> 800 | H80: =English!O103 -> 0 | I80: =IF(F80=0," ",H80/F80) -> 0 | K80: =English!R103 -> 26.31 | O80: 0
A81: =#REF! -> #REF! | B81: =#REF! -> #REF! | C81: =#REF! -> #REF! | D81: =#REF! -> #REF! | O81: 0
A82: =#REF! -> #REF! | B82: =#REF! -> #REF! | C82: 15 | D82: =[1]D1!AP20 -> ২২৪৪০৪৮০০: কালুরঘাটে কর্ণফুলি নদীর উপর একটি রেল কাম রোড সেতু নির্মাণ। (ইডিসিএফ), ০১.০৭.২০২৪ হতে ৩১.১২.২০৩০, প্রকল্প পরিচালক , মোঃ আবুল কালাম চৌধুরী, মোবা: ০১৭৫৫৫০০৪৭৬ | E82: =English!C119 -> 1156076.8 | F82: =English!H119 -> 69751 | G82: =English!F119 -> 0 | H82: =English!O119 -> 5.11 | I82: =IF(F82=0," ",H82/F82) -> 7.3260598e-05 | J82: =English!G119 -> 0.02 | K82: =English!R119 -> 51.63 | L82: =K82/E82 -> 4.4659664e-05 | M82: =[1]D1!HH20 -> সিদ্ধান্ত: বাস্তবায়ন: | O82: ২২৪১৩৬২০০: বাংলাদেশ রেলওয়ের জন্য ২০টি মিটারগেজ লোকোমোটিভ এবং ১৫০টি মিটারগেজ যাত্রীবাহী ক্যারেজ সংগ্রহ। (ইডিসিএফ), ০১.০৭.২০১৭ হতে ৩০.০৬.২০২১, জিএম (প্রকল্প), মোহাম্মদ হাসান মনসুর, মোবা: ০১৭১১৬৯১১৫০
A83: =#REF! -> #REF! | B83: =#REF! -> #REF! | C83: =#REF! -> #REF! | D83: =#REF! -> #REF! | E83: =English!C120 -> 443562.62 | F83: =English!H120 -> 68951 | H83: =English!O120 -> 0 | I83: =IF(F83=0," ",H83/F83) -> 0 | K83: =English!R120 -> 0 | O83: 0
A84: =#REF! -> #REF! | B84: =#REF! -> #REF! | C84: =#REF! -> #REF! | D84: =#REF! -> #REF! | E84: =English!C121 -> 712514.16 | F84: =English!H121 -> 800 | H84: =English!O121 -> 5.11 | I84: =IF(F84=0," ",H84/F84) -> 0.0063875 | K84: =English!R121 -> 51.63 | O84: 0
A85: =#REF! -> #REF! | B85: =#REF! -> #REF! | C85: =#REF! -> #REF! | D85: =#REF! -> #REF! | O85: 0
D86: মোট ইডিসিএফ অর্থায়ণপুষ্ট | E86: =E78+E82 -> 1230749.1 | F86: =F78+F82 -> 78551 | H86: =H78+H82 -> 5.11 | I86: =IF(F86=0," ",H86/F86) -> 6.5053277e-05 | K86: =K78+K82 -> 146.24 | L86: =K86/E86 -> 0.00011882194 | O86: মোট ইডিসিএফ অর্থায়ণপুষ্ট
E87: =E79+E83 -> 498452.63 | F87: =F79+F83 -> 76951 | H87: =H79+H83 -> 0 | I87: =IF(F87=0," ",H87/F87) -> 0 | J87: =O87 -> 0 | K87: =K79+K83 -> 68.3
E88: =E80+E84 -> 732296.47 | F88: =F80+F84 -> 1600 | H88: =H80+H84 -> 5.11 | I88: =IF(F88=0," ",H88/F88) -> 0.00319375 | K88: =K80+K84 -> 77.94
E89: =E81+E85 -> 0 | F89: =F81+F85 -> 0 | H89: =H81+H85 -> 0 | K89: =K81+K85 -> 0
D90: (চ) বিনিয়োগ প্রকল্প (এলওসি অর্থায়নপুষ্ট): | O90: (চ) বিনিয়োগ প্রকল্প (এলওসি অর্থায়নপুষ্ট):
A91: 3 | B91: =English!B11 -> 224090800: Rehabilitation of Kulaura-Shahbazpur Section of Bangladesh Railway (2nd Revised).(LoC) (01.07.2011 to 31.12.2027), Project Director, MD. Sultan Ali, Mobile: 01711692929 | C91: 16 | D91: =[1]D1!AP2 -> ২২৪০৯০৮০০: বাংলাদেশ রেলওয়ের কুলাউড়া-শাহবাজপুর সেকশনের পুনর্বাসন ( ২য় সংশোধিত)। (এলওসি), ০১.০৭.২০১১ হতে ৩১.১২.২০২৭, প্রকল্প পরিচালক, মোঃ সুলতান আলী, মোবা: ০১৭১১৬৯২৯২৯ | E91: =English!C11 -> 75739.73 | F91: =English!H11 -> 11504.5 | G91: =English!F11 -> 0.015 | H91: =English!O11 -> 93.98 | I91: =IF(F91=0," ",H91/F91) -> 0.0081689774 | J91: =English!G11 -> 0.7 | K91: =English!R11 -> 49048.6 | L91: =K91/E91 -> 0.64759407 | M91: =[1]D1!HH2 -> সিদ্ধান্ত: বাস্তবায়ন: | O91: ২২৪০৯০৮০০: বাংলাদেশ রেলওয়ের কুলাউড়া-শাহবাজপুর সেকশনের পুনর্বাসন। (এলওসি), ০১.০৭.২০১১ হতে ৩১.১২.২০২০, অতি: সিই (ট্র্যাক, পূর্ব), মোঃ তানভিরুল ইসলাম, মোবা: ০১৭১১৬৯১৫২৯ | W91: 27
E92: =English!C12 -> 55598.76 | F92: =English!H12 -> 10704.5 | H92: =English!O12 -> 0 | I92: =IF(F92=0," ",H92/F92) -> 0 | K92: =English!R12 -> 37163.73
E93: =English!C13 -> 20140.97 | F93: =English!H13 -> 800 | H93: =English!O13 -> 93.98 | I93: =IF(F93=0," ",H93/F93) -> 0.117475 | K93: =English!R13 -> 11884.87
A95: =#REF! -> #REF! | B95: =#REF! -> #REF! | C95: 17 | D95: =[1]D1!AP3 -> ২২৪০৮৯২০০: বাংলাদেশ রেলওয়ের ঢাকা-টঙ্গী সেকশনের ৩য় ও ৪র্থ ডুয়েল গেজ লাইন এবং টঙ্গী-জয়দেবপুর সেকশনে ডুয়েল গেজ ডাবল লাইন নির্মাণ (২য় সংশোধিত)। (এলওসি), ০১.০৭.২০১২ হতে ৩০.০৬.২০২৭, প্রকল্প পরিচালক, নাজনীন আরা কেয়া, মোবা: ০১৭১১৫০৬১১৩ | E95: =English!C17 -> 334254.9 | F95: =English!H17 -> 47735 | G95: =English!F17 -> 0.0039 | H95: =English!O17 -> 2.5 | I95: =IF(F95=0," ",H95/F95) -> 5.2372473e-05 | J95: =English!G17 -> 0.5356 | K95: =English!R17 -> 134753.88 | L95: =K95/E95 -> 0.40314706 | M95: =[1]D1!HH3 -> সিদ্ধান্ত: বাস্তবায়ন: | O95: ২২৪০৮৯২০০: বাংলাদেশ রেলওয়ের ঢাকা-টঙ্গী সেকশনের ৩য় ও ৪র্থ ডুয়েল গেজ লাইন এবং টঙ্গী-জয়দেবপুর সেকশনে ডুয়েল গেজ ডাবল লাইন নির্মাণ (১ম সংশোধিত)। (এলওসি), ০১.০৭.২০১২ হতে ৩০.০৬.২০২৩, প্রকল্প পরিচালক, মোঃ আফজাল হোসেন, মোবা: ০১৭১১৫০৬১১৩
A96: =#REF! -> #REF! | B96: =#REF! -> #REF! | C96: =#REF! -> #REF! | D96: =#REF! -> #REF! | E96: =English!C18 -> 282116.08 | F96: =English!H18 -> 45000 | H96: =English!O18 -> 0 | I96: =IF(F96=0," ",H96/F96) -> 0 | K96: =English!R18 -> 109732.1 | O96: 0
A97: =#REF! -> #REF! | B97: =#REF! -> #REF! | C97: =#REF! -> #REF! | D97: =#REF! -> #REF! | E97: =English!C19 -> 52138.82 | F97: =English!H19 -> 2735 | H97: =English!O19 -> 2.5 | I97: =IF(F97=0," ",H97/F97) -> 0.00091407678 | K97: =English!R19 -> 25021.78 | O97: 0
A98: =#REF! -> #REF! | B98: =#REF! -> #REF! | C98: =#REF! -> #REF! | D98: =#REF! -> #REF! | O98: 0
A99: 25 | B99: =English!B59 -> 224269200: CONSTRUCTIONS OF DOUBLE LINE TRACK BETWEEN KHULNA-DARSANA JUNCTION SECTION OF BANGLADESH RAILWAY.(LoC) (01.01.2018 to 31.12.2025), Project Director (Additional Charge), Md. Monirul Islam Firozi, Mobile: 01711564575 | C99: 18 | D99: =[1]D1!AP10 -> ২২৪২৬৯২০০: বাংলাদেশ রেলওয়ের খুলনা-দর্শনা জংশন সেকসনে ডাবল লাইন রেলপথ নির্মাণ। (এলওসি), ০১.০১.২০১৮ হতে ৩১.১২.২০২৫, প্রকল্প পরিচালক (অতিরিক্ত দায়িত্ব), মোঃ মনিরুল ইসলাম ফিরোজী, মোবা: ০১৭১১৫৬৪৫৭৫ | E99: =English!C59 -> 350675.48 | F99: =English!H59 -> 1 | G99: =English!F59 -> 0 | H99: =English!O59 -> 0 | I99: =IF(F99=0," ",H99/F99) -> 0 | J99: =English!G59 -> 0.052032 | K99: =English!R59 -> 2252.11 | L99: =K99/E99 -> 0.0064222055 | M99: =[1]D1!HH10 -> সিদ্ধান্ত: বাস্তবায়ন: | O99: ২২৪২৬৯২০০: বাংলাদেশ রেলওয়ের খুলনা-দর্শনা জংশন সেকসনে ডাবল লাইন রেলপথ নির্মাণ। (এলওসি), ০১.০১.২০১৮ হতে ৩১.১২.২০২২, সিই (পশ্চিম), আল ফাত্তাহ মোঃ মাসউদুর রহমান, মোবা: ০১৭১১৫০৬১০২ | W99: 30
E100: =English!C60 -> 268992.79 | F100: =English!H60 -> 0 | H100: =English!O60 -> 0 | I100: =IF(F100=0," ",H100/F100) | K100: =English!R60 -> 1603.73
E101: =English!C61 -> 81682.69 | F101: =English!H61 -> 1 | H101: =English!O61 -> 0 | I101: =IF(F101=0," ",H101/F101) -> 0 | K101: =English!R61 -> 648.38
A103: 30 | B103: =English!B65 -> 224269900: Construction of Dual Gauge Railway Line from Bogra to Shahid M. Mansur Ali Station, Sirajganj of Bangladesh Railway.(LoC) (01.07.2018 to 30.06.2026), Project Director , Md. Abu Zafor Miah, Mobile: 01711692942 | C103: 19 | D103: =[1]D1!AP11 -> ২২৪২৬৯৯০০: বগুড়া হতে শহীদ এম মনসুর আলী স্টেশন, সিরাজগঞ্জ পর্যন্ত নতুন ডুয়েলগেজ রেলপথ নির্মাণ। (এলওসি), ০১.০৭.২০১৮ হতে ৩০.০৬.২০২৬, প্রকল্প পরিচালক , মোঃ আবু জাফর মিঞা, মোবা: ০১৭১১৬৯২৯৪২ | E103: =English!C65 -> 557970.15 | F103: =English!H65 -> 167 | G103: =English!F65 -> 0 | H103: =English!O65 -> 0 | I103: =IF(F103=0," ",H103/F103) -> 0 | J103: =English!G65 -> 0.2772 | K103: =English!R65 -> 227465.8 | L103: =K103/E103 -> 0.40766662 | M103: =[1]D1!HH11 -> সিদ্ধান্ত: বাস্তবায়ন: | O103: ২২৪২৬৯৯০০: বগুড়া হতে শহীদ এম মনসুর আলী স্টেশন, সিরাজগঞ্জ পর্যন্ত নতুন ডুয়েলগেজ রেলপথ নির্মাণ। (এলওসি), ০১.০৭.২০১৮ হতে ৩০.০৬.২০২৩, পরিচালক (প্রকৌশল), মোঃ আবু জাফর মিঞা, মোবা: ০১৭১১৫০৬১১৩ | W103: 31
E104: =English!C66 -> 314659.81 | F104: =English!H66 -> 0 | H104: =English!O66 -> 0 | I104: =IF(F104=0," ",H104/F104) | K104: =English!R66 -> 2045.736
E105: =English!C67 -> 243310.34 | F105: =English!H67 -> 167 | H105: =English!O67 -> 0 | I105: =IF(F105=0," ",H105/F105) -> 0 | K105: =English!R67 -> 225420.07
D107: মোট এলওসি অর্থায়ণপুষ্ট | E107: =E91+E95+E99+E103 -> 1318640.3 | F107: =F91+F95+F99+F103 -> 59407.5 | H107: =H91+H95+H99+H103 -> 96.48 | I107: =IF(F107=0," ",H107/F107) -> 0.0016240374 | K107: =K91+K95+K99+K103 -> 413520.4 | L107: =K107/E107 -> 0.31359606 | O107: মোট এলওসি অর্থায়ণপুষ্ট
E108: =E92+E96+E100+E104 -> 921367.44 | F108: =F92+F96+F100+F104 -> 55704.5 | H108: =H92+H96+H100+H104 -> 0 | I108: =IF(F108=0," ",H108/F108) -> 0 | K108: =K92+K96+K100+K104 -> 150545.3
E109: =E93+E97+E101+E105 -> 397272.82 | F109: =F93+F97+F101+F105 -> 3703 | H109: =H93+H97+H101+H105 -> 96.48 | I109: =IF(F109=0," ",H109/F109) -> 0.02605455 | J109: =O109 -> 0 | K109: =K93+K97+K101+K105 -> 262975.1
E110: =E94+E98+E102+E106 -> 0 | F110: =F94+F98+F102+F106 -> 0 | H110: =H94+H98+H102+H106 -> 0 | K110: =K94+K98+K102+K106 -> 0
D112: (ছ) বিনিয়োগ প্রকল্প (চায়না অর্থায়নপুষ্ট): | O112: (জ) বিনিয়োগ প্রকল্প (চায়না অর্থায়নপুষ্ট):
...
